 Dungeon Crawl Stone Soup version 0.29-a0-330-g52719c12eb (webtiles) character file.

Game seed: 16239070111394963032

3894 Aelig the Martial Artist (level 10, -2/103 HPs)
             Began as a Vampire Transmuter on May 21, 2022.
             Was a Follower of Cheibriados.
             Slain by Joseph
             ... wielding a +2 quarterstaff of distortion
              (20 damage)
             ... on level 8 of the Dungeon.
             The game lasted 00:24:06 (7959 turns).

Aelig the Martial Artist (Vampire Transmuter)       Turns: 7959, Time: 00:24:07

Health: -2/103     AC:  6    Str: 12    XL:     10   Next: 0%
Magic:  11/13      EV: 20    Int: 24    God:    Cheibriados [*.....]
Gold:   649        SH:  5    Dex: 28    Spells: 3/13 levels left

rFire   . . .      SeeInvis +     - Unarmed
rCold   . . .      Faith    .   (shield currently unavailable)
rNeg    . . .      Spirit   .   (body armour currently unavailable)
rPois   x          Reflect  +   (helmet currently unavailable)
rElec   .          Harm     .   (cloak currently unavailable)
rCorr   .          Rampage  .   (gloves currently unavailable)
Will    +....                   (boots currently unavailable)
Stlth   ..........              s - amulet of reflection
HPRegen 0.47/turn               f - +4 ring of protection
MPRegen 0.13/turn               g - +6 ring of dexterity

@: berserking, spider-form, healing quickly, very slow
A: venomous fangs, tiny, alive, (fangs 3), see invisible, vampiric 2
a: Exsanguinate, End Transformation, Renounce Religion, Bend Time


You were on level 8 of the Dungeon.
You worshipped Cheibriados.
Cheibriados was aware of your devotion.
You were a venomous arachnid creature.
You visited 2 branches of the dungeon, and saw 9 of its levels.
You also visited: Sewer and Ossuary.

You collected 649 gold pieces.

Inventory:

Missiles
 h - 211 stones (quivered)
 y - a throwing net
Armour
 k - a +0 buckler
 r - a +2 pair of boots (melded)
 C - +0 steam dragon scales (melded)
Jewellery
 a - a ring of willpower
 f - a +4 ring of protection (left front leg)
 g - a +6 ring of dexterity (right front leg)
 s - an amulet of reflection (around neck)
Wands
 j - a wand of polymorph (11)
 D - a wand of flame (14)
Scrolls
 i - 3 scrolls of enchant weapon
 l - a scroll of torment {unknown}
 m - 2 scrolls of teleportation
 n - a scroll of fear {unknown}
 q - 2 scrolls of immolation
 t - a scroll of amnesia {unknown}
 w - a scroll of brand weapon {unknown}
 A - a scroll of fog {unknown}
 B - a scroll of identify
 E - a scroll of magic mapping {unknown}
 F - a scroll of vulnerability {unknown}
Potions
 b - 3 potions of lignification
 c - 3 potions of resistance {unknown}
 d - a potion of invisibility {unknown}
 e - 7 potions of curing {unknown}
 o - 2 potions of flight
 p - 2 potions of attraction {unknown}
 u - a potion of cancellation {unknown}
 v - 3 potions of brilliance {unknown}
 x - 2 potions of berserk rage
 z - a potion of mutation {unknown}


   Skills:
 + Level 2.9 Fighting
 - Level 2.1 Dodging
 - Level 4.0 Stealth
 + Level 11.5 Unarmed Combat
 - Level 2.0 Spellcasting
 - Level 8.0 Transmutations
 + Level 3.0 Ice Magic
 - Level 4.0 Poison Magic
 + Level 2.0 Invocations


You had 3 spell levels left.
You knew the following spells:

 Your Spells              Type           Power      Damage    Failure   Level
a - Beastly Appendage     Tmut           80%        N/A       3%          1
b - Wereblood             Tmut           40%        N/A       4%          2
c - Spider Form           Tmut/Pois      31%        N/A       11%         3
d - Ice Form              Ice/Tmut       28%        N/A       28%         4

Your spell library contained the following spells:

 Spells                   Type           Power      Damage    Failure   Level
 Sting                    Tmut/Pois      100%       1d8       5%          1
 Poisonous Vapours        Pois/Air       24%        N/A       21%         2
 Animate Skeleton         Necr           4%         N/A       28%         1
 Apportation              Tloc           4%         N/A       28%         1
 Pain                     Necr           8%         1d4       28%         1
 Summon Small Mammal      Summ           8%         N/A       28%         1
 Vampiric Draining        Necr           2%         2d6       56%         3
 Olgreb's Toxic Radiance  Pois           21%        N/A       43%         4
 Malign Gateway           Summ/Tloc      1%         N/A       100%        7
 Summon Horrible Things   Summ           1%         N/A       100%        8


Dungeon Overview and Level Annotations

Branches:
Dungeon (8/15)             Temple (1/1) D:6           Sewer (visited)
Ossuary (visited)
   Lair: D:8-11

Altars:
Ashenzari
Cheibriados
Dithmenos
Fedhas
Gozag
Hepliaklqana
Kikubaaqudgha
Makhleb
Nemelex Xobeh
Okawaru
Qazlal
Ru
Sif Muna
Trog
Uskayaw
Vehumet
Wu Jian
Xom
Zin
The Shining One

Shops:
D:1 ?   D:6 =

Annotations:
D:2 1 runed translucent door, Crazy Yiuf
D:8 Joseph


Innate Abilities, Weirdness & Mutations

You are a venomous arachnid creature.
You have poisonous fangs.
You are tiny and dextrous.
Your spellcasting is less reliable in this form.
Your armour is entirely melded.
You are incapable of wielding weapons or throwing items.
Your natural rate of healing is accelerated.
((You have razor-sharp teeth.))
You have supernaturally acute eyesight. (SInv)
You are afflicted with vampirism and can become a bat while bloodless.


Message History

Joseph shoots a sling bullet.
The sling bullet barely misses you.
Found 16 gold pieces.
Casting: Spider Form (dangerous; 3% risk of failure)
Confirm with . or Enter, or press ? or * to list all spells.
You turn into a venomous arachnid creature.
Your +2 pair of boots melds into your body.
Your +0 steam dragon scales melds into your body.
Casting: Spider Form (dangerous; 11% risk of failure)
Confirm with . or Enter, or press ? or * to list all spells.
Okay, then.
Joseph shoots a sling bullet.
The sling bullet hits you!
There is an open door here.
Joseph unwields a +0 hunting sling.
Joseph wields a +2 quarterstaff of distortion.
Its appearance distorts for a moment.
Joseph completely misses you.
You completely miss Joseph. Joseph closely misses you.
You hit Joseph.
Joseph is poisoned.
Joseph is lightly wounded.
Joseph hits you with a +2 quarterstaff of distortion!
You blink.
Joseph says, "I've waited for this moment for such a long time."
Joseph unwields a +2 quarterstaff of distortion.
Its appearance distorts for a moment.
Joseph wields a +0 hunting sling.
Joseph shoots a sling bullet.
You reflect the sling bullet off an invisible shield around you!
The sling bullet hits Joseph!!
Joseph shoots a sling bullet.
The sling bullet hits you!
Joseph unwields a +0 hunting sling.
Joseph wields a +2 quarterstaff of distortion.
Its appearance distorts for a moment.
Joseph hits you with a +2 quarterstaff of distortion!
* * * LOW HITPOINT WARNING * * *
You hit Joseph.
Joseph looks even sicker.
Joseph is heavily wounded.
Joseph closely misses you.
A red film seems to cover your vision as you go berserk!
Cheibriados forces you to slow down.
You feel mighty!
Joseph hits you with a +2 quarterstaff of distortion!!
You die...

#####'#####...#######....##...##
.###..>####...##...############
..........#...#...$.#
..........#...#.....#
..........#...#.....#
..........#...#.....#
###......##...# #..# ####
.##......####'###@###...##
..#.............s........#
..#......................#
..#........."............#
..#....))................#
..'......^...............##
.###.....##...###.........#
####.....########.....>###
..............#.........#
..............+.........#


You could see Joseph (very poisoned).

Vanquished Creatures
  A two-headed ogre (D:8)
  A hornet (D:8)
  A steam dragon (D:8)
  Menkaure (D:5)
  A water moccasin (D:7)
  3 sky beasts
  An ice beast (D:6)
  3 orc warriors (D:8)
  A centaur (D:6)
  An elf zombie (Ossuary)
  2 kobold brigands (D:7)
  A phantom (D:5)
  3 bullfrogs
  A scorpion (D:7)
  3 necrophages
  8 wights (D:8)
  8 orc priests
  A gnoll shaman (D:7)
  5 hounds
  3 iguanas
  5 orc wizards
  3 mummies (Ossuary)
  9 adders
  5 gnolls (D:7)
  2 shadow imps
  A white imp (D:4)
  2 worms
  2 dart slugs
  20 orcs
  6 bats
  4 endoplasms
  5 giant cockroaches
  2 hobgoblins (D:1)
  A jackal (Sewer)
  3 quokkas
  7 ball pythons
  4 frilled lizards
  5 goblins
  A goblin zombie (Ossuary)
  3 hobgoblin zombies (Ossuary)
  8 kobolds
  2 kobold zombies (Ossuary)
  A rat (D:4)
150 creatures vanquished.

Notes
Turn   | Place    | Note
-------+----------+-------------------------------------------
     0 | D:1      | Aelig the Vampire Transmuter began the quest for the Orb.
     0 | D:1      | Reached XP level 1. HP: 14/14 MP: 3/3
   489 | D:1      | Found a faded altar of an unknown god.
   532 | D:1      | Reached XP level 2. HP: 16/20 MP: 3/5
   703 | D:1      | Found Fidan's Magic Scroll Boutique.
   995 | D:2      | Learned a level 2 spell: Wereblood
  1005 | D:2      | Gained mutation: You are afflicted with vampirism and can
                  | become a bat while bloodless. [Vampire growth]
  1005 | D:2      | Reached XP level 3. HP: 25/25 MP: 2/6
  1011 | D:2      | Learned a level 3 spell: Spider Form
  1481 | D:2      | Found a runed translucent door.
  1482 | D:2      | Noticed Crazy Yiuf
  1842 | D:3      | Reached skill level 1 in Poison Magic
  1976 | D:3      | Found a sparkling altar of Nemelex Xobeh.
  1976 | D:3      | Found a hide-covered altar of Uskayaw.
  2164 | D:4      | Reached XP level 4. HP: 31/31 MP: 4/7
  2230 | D:4      | Found an ornate altar of the Wu Jian Council.
  2417 | D:4      | Found a glowing drain.
  2443 | D:4      | Found a hide-covered altar of Uskayaw.
  2468 | Sewer    | Entered a sewer
  2674 | D:4      | Reached skill level 5 in Transmutations
  2674 | D:4      | Reached XP level 5. HP: 17/36 MP: 5/8
  3154 | D:4      | Found a shimmering altar of Xom.
  3154 | D:4      | Found a shimmering altar of Xom.
  3156 | D:4      | Found an ornate altar of the Wu Jian Council.
  3156 | D:4      | Found a bloodstained altar of Trog.
  3205 | D:5      | Entered Level 5 of the Dungeon
  3224 | D:5      | Found a burning altar of Makhleb.
  3244 | D:5      | Noticed a phantom
  3252 | D:5      | Killed a phantom
  3255 | D:5      | Noticed a sky beast
  3268 | D:5      | Killed a sky beast
  3269 | D:5      | Reached XP level 6. HP: 42/42 MP: 5/9
  3298 | D:5      | Noticed Menkaure
  3321 | D:5      | Killed Menkaure
  3854 | D:5      | Reached XP level 7. HP: 21/47 MP: 10/10
  3944 | D:6      | Found a sand-covered staircase.
  3949 | Ossuary  | Entered an ossuary
  3949 | Ossuary  | Noticed a wraith
  3949 | Ossuary  | Noticed a wraith
  3949 | Ossuary  | Noticed a wraith
  4201 | Ossuary  | Noticed a wraith
  4453 | D:6      | Reached skill level 1 in Stealth
  4494 | D:6      | Reached skill level 4 in Unarmed Combat
  4719 | D:6      | Found a staircase to the Ecumenical Temple.
  4798 | D:6      | Reached XP level 8. HP: 53/53 MP: 8/11
  4819 | D:6      | Reached skill level 5 in Unarmed Combat
  4941 | D:6      | Reached skill level 6 in Unarmed Combat
  5044 | D:6      | Found Iwkofem's One-of-a-Kind Rings.
  5414 | Temple   | Entered the Ecumenical Temple
  5503 | Temple   | Became a worshipper of Cheibriados the Contemplative
  5581 | D:7      | Reached skill level 7 in Unarmed Combat
  5913 | D:7      | Reached skill level 8 in Unarmed Combat
  6183 | D:7      | Reached skill level 9 in Unarmed Combat
  6292 | D:7      | Reached XP level 9. HP: 48/58 MP: 7/12
  6297 | D:7      | Reached * piety under Cheibriados
  6396 | D:7      | Found a sacrificial altar of Ru.
  6490 | D:7      | Found an opulent altar of Gozag.
  6540 | D:7      | Found a shimmering blue altar of Sif Muna.
  6945 | D:8      | Learned a level 4 spell: Ice Form
  7034 | D:8      | Reached skill level 10 in Unarmed Combat
  7093 | D:8      | Found a radiant altar of Vehumet.
  7093 | D:8      | Noticed a two-headed ogre
  7340 | D:8      | Reached skill level 1 in Fighting
  7340 | D:8      | Reached skill level 11 in Unarmed Combat
  7340 | D:8      | Reached skill level 1 in Ice Magic
  7473 | D:8      | Killed a two-headed ogre
  7474 | D:8      | Reached skill level 1 in Invocations
  7658 | D:8      | Found a broken altar of Ashenzari.
  7775 | D:8      | Reached XP level 10. HP: 57/69 MP: 9/13
  7946 | D:8      | Noticed Joseph
  7959 | D:8      | Slain by Joseph

Illustrated notes

Levels and vault maps discovered:
D:1:      nicolae_arrival_somewhat_less_tricky_arrival, layout_loops_ring,
          serial_shops, shop, shapermc_ecumenical_altar_gd,
          supply_closet_lemuel, chequers_serial_rivers_micro_b
D:2:      layout_basic, uniq_crazy_yiuf_cottage
D:3:      layout_loops_ring, kennysheep_ying_yang,
          gammafunk_temple_overflow_wave, serial_aquarium,
          aquarium_bridge_long_joined [aquarium_subvault_bridge,
          aquarium_subvault_window, aquarium_subvault_wall,
          aquarium_subvault_bridge, aquarium_subvault_wall,
          aquarium_subvault_balcony], aquarium_bridge_square
          [aquarium_subvault_window, aquarium_subvault_bridge,
          aquarium_subvault_bridge, aquarium_subvault_window],
          aquarium_window_corner, aquarium_window_corridor_3, aquarium_view_2a,
          aquarium_balcony_double_3, aquarium_pool_1
D:4:      layout_cave_pools, doesnt_xom_only_xom, mainiacjoe_overflow_catwalk,
          cheibrodos_sewer_entry_drain, minmay_misc_feat_room
D:5:      layout_rooms, mainiacjoe_overflow_boulevard, minmay_holes,
          uniq_menkaure
D:6:      layout_basic, minmay_temple_entry_large_hall, enter_ossuary_1,
          nicolae_shop_unique_rings
D:7:      layout_gridville, lemuel_round_altar, nicolae_ru_sacrificial_ziggurat,
          kennysheep_little_box, nicolae_underground_beach
D:8:      layout_gridville, nicolae_vehumet_radiance,
          nicolae_ashenzari_panopticon, st_stairs_9, uniq_joseph
Temple:   eino_wide_crystal_templ

Skill      XL: |  1  2  3  4  5  6  7  8  9 |
---------------+----------------------------+-----
Transmutations | 3 4 5 6 7 8 |  8.0
Poison Magic   | 1 2 4 |  4.0
Stealth        | 3 4 |  4.0
Unarmed Combat | 4 9 11 | 11.5
Fighting       | 2 |  2.9
Ice Magic      | 3 |  3.0
Invocations    | 2 |  2.0
Dodging        | |  2.1
Spellcasting   | |  2.0

Action                   |  1- 3 |  4- 6 |  7- 9 | 10-12 || total
-------------------------+-------+-------+-------+-------++-------
Melee: Unarmed           |    99 |   136 |   322 |     3 ||   560
       Kick              |    30 |    34 |    32 |       ||    96
       Bite              |     6 |    15 |     8 |       ||    29
       Punch             |     3 |     1 |     4 |       ||     8
       Headbutt          |    17 |    18 |    21 |       ||    56
Throw: Stone             |       |       |     1 |       ||     1
 Cast: Beastly Appendage |    30 |    19 |    16 |       ||    65
       Wereblood         |     2 |     5 |    14 |       ||    21
       Spider Form       |       |     2 |    22 |     1 ||    25
Invok: Bend Time         |       |       |     1 |       ||     1
 Abil: End Transformatio |       |       |     1 |       ||     1
  Use: Scroll            |       |       |     7 |       ||     7
       Potion            |       |       |     1 |     1 ||     2
 Stab: Sleeping          |     1 |     1 |     3 |       ||     5
Armor: Robe              |    25 |    36 |     9 |       ||    70
       Skin              |       |       |    18 |       ||    18
       Steam dragon scal |       |       |     1 |       ||     1
Dodge: Dodged            |    68 |    86 |   206 |     4 ||   364
Block: Other             |       |    13 |    49 |     1 ||    63
       Reflection        |       |       |       |     1 ||     1

Table legend: (Time is in decaauts)
 A = Elapsed time spent in this place.
 B = Non-inter-level travel time spent in this place.
 C = Inter-level travel time spent in this place.
 D = Time resting spent in this place.
 E = Time spent auto-exploring this place.
 F = Levels seen in this place.
 G = Mean time per level.
                   A        B        C        D        E       F      G
               +--------+--------+--------+--------+--------+-----+--------+
         Total |   8487 |   8189 |    298 |   1154 |   4640 |  11 |  771.5 |
       Dungeon |   7751 |   7478 |    273 |   1102 |   4547 |   8 |  968.9 |
        Temple |    109 |     85 |     24 |      0 |     19 |   1 |  109.0 |
         Sewer |    217 |    217 |      0 |     17 |     11 |   1 |  217.0 |
       Ossuary |    409 |    409 |      0 |     35 |     63 |   1 |  409.0 |
               +--------+--------+--------+--------+--------+-----+--------+

Top non-repeatable levels by time:
     D:7: 1684 daAuts
     D:8: 1271 daAuts
     D:6: 1052 daAuts
     D:1: 885 daAuts
     D:4: 868 daAuts
     D:2: 858 daAuts
     D:5: 734 daAuts
 Ossuary: 409 daAuts
     D:3: 396 daAuts
   Sewer: 217 daAuts
  Temple: 109 daAuts
